SAAA
PAWNEE PARKSNREC @ VERMONT LAKE MONSTERS
06/02/2037
 
TOP OF THE 1ST
Pawnee ParksNRec batting - Pitching for Vermont Lake Monsters : LHP Billy Grange
Pitching: LHP Billy Grange
Batting: RHB Sherman N'Dir 0-0: Swinging Strike
0-1: Ball
1-1: Swinging Strike
1-2: Fly out, F7 (Flyball, 7, EV 91.9 MPH)
Batting: RHB Alan Patterson 0-0: Ball
1-0: Ball
2-0: SINGLE (Line Drive, 7S, EV 88.8 MPH)
Batting: RHB Josh Mawdesley 0-0: Ball
1-0: Ball
2-0: Ball
3-0: Base on Balls
Alan Patterson to second
Batting: RHB Ken Bone 0-0: Called Strike
0-1: Grounds into double play, 5-4-3 (Groundball, 56, EV 86.2 MPH)
Top of the 1st over - 0 runs, 1 hit, 0 errors, 1 left on base; Pawnee 0 - Vermont 0
BOTTOM OF THE 1ST
Vermont Lake Monsters batting - Pitching for Pawnee ParksNRec : RHP António Rodríguez
Pitching: RHP António Rodríguez
Batting: RHB Cedric Terriquez 0-0: Ball
1-0: Ball
2-0: Called Strike
2-1: Called Strike
2-2: Strikes out swinging
Batting: RHB Tim O'Brian 0-0: Swinging Strike
0-1: Ball
1-1: Swinging Strike
1-2: Ball
2-2: Foul Ball, location: 2F
2-2: Foul Ball, location: 2F
2-2: Fly out, F6 (Popup, 6MS, EV 73.1 MPH)
Batting: RHB An-te-hai Qing 0-0: Ball
1-0: Foul Ball, location: 2F
1-1: Called Strike
1-2: Ball
2-2: Strikes out swinging
Bottom of the 1st over - 0 runs, 0 hits, 0 errors, 0 left on base; Pawnee 0 - Vermont 0
TOP OF THE 2ND
Pawnee ParksNRec batting - Pitching for Vermont Lake Monsters : LHP Billy Grange
Batting: RHB Stan Wheeler 0-0: Called Strike
0-1: Ball
1-1: Ground out 1-3 (Groundball, P, EV 84.4 MPH)
Batting: RHB Robin Colwill 0-0: Called Strike
0-1: Ball
1-1: Called Strike
1-2: Ball
2-2: Ground out 6-3 (Groundball, 6, EV 83.8 MPH)
Batting: RHB Fletcher Megarity 0-0: Ball
1-0: Ground out 5-3 (Groundball, 56, EV 80.6 MPH)
Top of the 2nd over - 0 runs, 0 hits, 0 errors, 0 left on base; Pawnee 0 - Vermont 0
BOTTOM OF THE 2ND
Vermont Lake Monsters batting - Pitching for Pawnee ParksNRec : RHP António Rodríguez
Batting: RHB Hsi-men King 0-0: Fly out, F7 (Flyball, 7S, EV 73.8 MPH)
Batting: RHB Naganori Takahashi 0-0: Called Strike
0-1: Foul Ball, location: 2F
0-2: Strikes out looking
Batting: LHB Mike Sanderson 0-0: Ball
1-0: Ball
2-0: Fly out, F8 (Flyball, 8LXD, EV 88.8 MPH)
Bottom of the 2nd over - 0 runs, 0 hits, 0 errors, 0 left on base; Pawnee 0 - Vermont 0
TOP OF THE 3RD
Pawnee ParksNRec batting - Pitching for Vermont Lake Monsters : LHP Billy Grange
Batting: RHB Carlos Cardona 0-0: Ball
1-0: Ball
2-0: SINGLE (Groundball, 6MD, EV 98.8 MPH)
Batting: RHB Charles Atkinson 0-0: Ball
1-0: Foul Ball, location: 2F
1-1: Foul Ball, location: 2F
1-2: Ball
2-2: Fielders Choice at 2nd, 4-6 (Groundball, 34, EV 98.1 MPH)
Batting: RHB Sherman N'Dir 0-0: Swinging Strike
0-1: Called Strike
0-2: Grounds into double play, 6-4-3 (Groundball, 6, EV 88.1 MPH)
Top of the 3rd over - 0 runs, 1 hit, 0 errors, 0 left on base; Pawnee 0 - Vermont 0
BOTTOM OF THE 3RD
Vermont Lake Monsters batting - Pitching for Pawnee ParksNRec : RHP António Rodríguez
Batting: RHB Rusty Fox 0-0: Ball
1-0: Ball
2-0: Ball
3-0: Base on Balls
Batting: RHB Marcel Roks 0-0: Called Strike
0-1: Called Strike
0-2: Ball
1-2: Fly out, F8 (Flyball, 8RM, EV 79.4 MPH)
Batting: LHB Tullu Amaad 0-0: Grounds into double play, 4-6-3 (Groundball, 4, EV 100.0 MPH)
Bottom of the 3rd over - 0 runs, 0 hits, 0 errors, 0 left on base; Pawnee 0 - Vermont 0
TOP OF THE 4TH
Pawnee ParksNRec batting - Pitching for Vermont Lake Monsters : LHP Billy Grange
Batting: RHB Alan Patterson 0-0: Ball
1-0: Ball
2-0: Called Strike
2-1: Called Strike
2-2: Strikes out looking
Batting: RHB Josh Mawdesley 0-0: Ball
1-0: Foul Ball, location: 2F
1-1: Ball
2-1: Ball
3-1: Called Strike
3-2: Ground out 6-3 (Groundball, 6, EV 85.0 MPH)
Batting: RHB Ken Bone 0-0: SINGLE (Popup, 56D, EV 63.1 MPH)
Batting: RHB Stan Wheeler 0-0: Ball
1-0: Ground out U3 (Groundball, 3, EV 91.9 MPH)
Top of the 4th over - 0 runs, 1 hit, 0 errors, 1 left on base; Pawnee 0 - Vermont 0
BOTTOM OF THE 4TH
Vermont Lake Monsters batting - Pitching for Pawnee ParksNRec : RHP António Rodríguez
Batting: RHB Cedric Terriquez 0-0: Called Strike
0-1: Swinging Strike
0-2: Strikes out swinging
Batting: RHB Tim O'Brian 0-0: Fly out, F7 (Flyball, 7LM, EV 85.6 MPH)
Batting: RHB An-te-hai Qing 0-0: Ball
1-0: Foul Ball, location: 2F
1-1: Ball
2-1: TRIPLE (Groundball, 5L, EV 98.1 MPH)
Batting: RHB Hsi-men King 0-0: Called Strike
0-1: Foul Ball, location: 2F
0-2: Ball
1-2: Ground out 5-3 (Groundball, 56S, EV 83.8 MPH)
Bottom of the 4th over - 0 runs, 1 hit, 0 errors, 1 left on base; Pawnee 0 - Vermont 0
TOP OF THE 5TH
Pawnee ParksNRec batting - Pitching for Vermont Lake Monsters : LHP Billy Grange
Batting: RHB Robin Colwill 0-0: Fly out, F8 (Flyball, 8RS, EV 97.5 MPH)
Batting: RHB Fletcher Megarity 0-0: SINGLE (Line Drive, 78S, EV 106.9 MPH)
Batting: RHB Carlos Cardona 0-0: Called Strike
0-1: Ball
1-1: Ball
2-1: Fly out, F9 (Flyball, 89D, EV 82.5 MPH)
Batting: RHB Charles Atkinson 0-0: SINGLE (Groundball, 4MD, EV 94.4 MPH)
Fletcher Megarity to second
Runner from 2nd tries for 3rd, SAFE, no throw by CF
Batting: RHB Sherman N'Dir 0-0: Ball
1-0: Foul Ball, location: 2F
1-1: Swinging Strike
1-2: Ball
2-2: Ball
3-2: Ground out 2-3 (Groundball, 2R, EV 62.5 MPH)
Top of the 5th over - 0 runs, 2 hits, 0 errors, 2 left on base; Pawnee 0 - Vermont 0
BOTTOM OF THE 5TH
Vermont Lake Monsters batting - Pitching for Pawnee ParksNRec : RHP António Rodríguez
Batting: RHB Naganori Takahashi 0-0: Ball
1-0: Fly out, F8 (Flyball, 8RXD, EV 74.4 MPH)
Batting: LHB Mike Sanderson 0-0: Ball
1-0: Called Strike
1-1: Foul Ball, location: 2F
1-2: Strikes out swinging
Batting: RHB Rusty Fox 0-0: Swinging Strike
0-1: Ball
1-1: Ball
2-1: Foul Ball, location: 2F
2-2: Ball
3-2: Foul Ball, location: 2F
3-2: SINGLE (Groundball, 34D, EV 102.5 MPH)
Batting: RHB Marcel Roks 0-0: SINGLE (Line Drive, 8RS, EV 98.8 MPH)
Rusty Fox to second
Batting: LHB Tullu Amaad 0-0: SINGLE (Groundball, 34D, EV 97.5 MPH)
Rusty Fox to third
Marcel Roks to second
Runner from 3rd tries for Home, SAFE, throw by RF to home
Batting: RHB Cedric Terriquez 0-0: Swinging Strike
0-1: Ball
1-1: SINGLE (Groundball, 6M, EV 106.2 MPH) (infield hit)
Marcel Roks to third
Tullu Amaad to second
Batting: RHB Tim O'Brian 0-0: Foul Ball, location: 2F
0-1: Ball
1-1: SINGLE (Groundball, 56D, EV 102.5 MPH)
Marcel Roks scores
Tullu Amaad to third
Cedric Terriquez to second
Runner from 3rd tries for Home, SAFE, throw by LF to home
Batting: RHB An-te-hai Qing 0-0: Ball
1-0: Foul Ball, location: 2F
1-1: Ball
2-1: Ball
3-1: Base on Balls
Cedric Terriquez to third
Tim O'Brian to second
Batting: RHB Hsi-men King 0-0: Foul Ball, location: 2F
0-1: Ball
1-1: Ball
2-1: Ball
3-1: Ground out 6-3 (Groundball, 6S, EV 76.2 MPH)
Bottom of the 5th over - 3 runs, 5 hits, 0 errors, 3 left on base; Pawnee 0 - Vermont 3
TOP OF THE 6TH
Pawnee ParksNRec batting - Pitching for Vermont Lake Monsters : LHP Billy Grange
Batting: RHB Alan Patterson 0-0: Ground out 4-3 (Groundball, 4, EV 80.6 MPH)
Batting: RHB Josh Mawdesley 0-0: Ball
1-0: Foul Ball, location: 2F
1-1: Called Strike
1-2: Foul Ball, location: 2F
1-2: Foul Ball, location: 2F
1-2: Strikes out swinging
Batting: RHB Ken Bone 0-0: Ball
1-0: Ball
2-0: Ball
3-0: Called Strike
3-1: Fly out, F8 (Line Drive, 8RM, EV 109.4 MPH)
Top of the 6th over - 0 runs, 0 hits, 0 errors, 0 left on base; Pawnee 0 - Vermont 3
BOTTOM OF THE 6TH
Vermont Lake Monsters batting - Pitching for Pawnee ParksNRec : RHP António Rodríguez
Batting: RHB Naganori Takahashi 0-0: Foul Ball, location: 2F
0-1: Called Strike
0-2: Fly out, F8 (Flyball, 8LS, EV 93.8 MPH)
Batting: LHB Mike Sanderson 0-0: Ball
1-0: Fly out, F8 (Flyball, 8RXD, EV 86.9 MPH)
Batting: RHB Rusty Fox 0-0: Swinging Strike
0-1: Called Strike
0-2: Strikes out swinging
Bottom of the 6th over - 0 runs, 0 hits, 0 errors, 0 left on base; Pawnee 0 - Vermont 3
TOP OF THE 7TH
Pawnee ParksNRec batting - Pitching for Vermont Lake Monsters : LHP Billy Grange
Batting: RHB Stan Wheeler 0-0: Called Strike
0-1: Ball
1-1: Ground out 6-3 (Groundball, 6, EV 85.0 MPH)
Batting: RHB Robin Colwill 0-0: Ball
1-0: Foul Ball, location: 2F
1-1: Called Strike
1-2: Ball
2-2: Ball
3-2: Foul Ball, location: 2F
3-2: DOUBLE (Line Drive, 9LM, EV 106.9 MPH)
Batting: RHB Fletcher Megarity 0-0: Called Strike
0-1: Called Strike
0-2: Ball
1-2: SINGLE (Line Drive, 4MD, EV 95.0 MPH)
Robin Colwill to third
Runner from 3rd tries for Home, SAFE, no throw by CF
Pitching: RHP Marnix van Rijn
Batting: RHB Carlos Cardona 0-0: Ball
1-0: Ball
2-0: Foul Ball, location: 2F
2-1: Ball
3-1: Fielders Choice at 2nd, 4-6 (Groundball, 4D, EV 80.6 MPH)
Batting: RHB Charles Atkinson 0-0: Ball
1-0: Called Strike
1-1: Called Strike
1-2: Foul Ball, location: 2F
1-2: Ball
2-2: Ball
3-2: Foul Ball, location: 2F
3-2: SINGLE (Line Drive, 4MD, EV 97.5 MPH)
Carlos Cardona to second
Carlos Cardona to third
Batting: RHB Sherman N'Dir 0-0: Called Strike
0-1: Fly out, F7 (Flyball, 7S, EV 66.9 MPH)
Top of the 7th over - 1 run, 3 hits, 0 errors, 2 left on base; Pawnee 1 - Vermont 3
BOTTOM OF THE 7TH
Vermont Lake Monsters batting - Pitching for Pawnee ParksNRec : RHP António Rodríguez
Batting: RHB Marcel Roks 0-0: Swinging Strike
0-1: Ball
1-1: Ball
2-1: Fly out, F9 (Flyball, 9LS, EV 80.6 MPH)
Batting: LHB Tullu Amaad 0-0: SINGLE (Flyball, 9S, EV 88.8 MPH)
Batting: RHB Cedric Terriquez 0-0: Called Strike
0-1: Called Strike
0-2: Ball
1-2: Foul Ball, location: 2F
1-2: Ball
2-2: Ball
3-2: Fly out, F6 (Popup, 6MS, EV 76.9 MPH)
Batting: RHB Tim O'Brian 0-0: Ball
Tullu Amaad steals 2nd base
1-0: Called Strike
1-1: Ball
2-1: Fly out, F7 (Flyball, 7, EV 87.5 MPH)
Bottom of the 7th over - 0 runs, 1 hit, 0 errors, 1 left on base; Pawnee 1 - Vermont 3
TOP OF THE 8TH
Pawnee ParksNRec batting - Pitching for Vermont Lake Monsters : RHP Marnix van Rijn
Now at SS: Min-tae Yi
Batting: RHB Alan Patterson 0-0: Ball
1-0: Ball
2-0: DOUBLE (Line Drive, 8RD, EV 104.4 MPH)
Batting: RHB Josh Mawdesley 0-0: Foul Ball, location: 2F
0-1: Ball
1-1: Ball
2-1: Swinging Strike
2-2: Ball
3-2: Base on Balls
Pitching: RHP Roger Rodenburg
Batting: RHB Ken Bone 0-0: Ball
1-0: Called Strike
1-1: Foul Ball, location: 2F
1-2: Ball
2-2: Foul Ball, location: 2F
2-2: Fly out, F6 (Popup, 6, EV 71.2 MPH)
Batting: RHB Stan Wheeler 0-0: Ball
1-0: Ball
2-0: Ball
3-0: Called Strike
3-1: Called Strike
3-2: Foul Ball, location: 2F
3-2: Fielders Choice at 2nd, 5-4 (Groundball, 56, EV 89.4 MPH)
Alan Patterson to third
Batting: RHB Robin Colwill 0-0: Ball
1-0: Ball
2-0: Foul Ball, location: 2F
2-1: DOUBLE (Flyball, 8LXD, EV 96.9 MPH)
Alan Patterson scores
Stan Wheeler to third
Pinch Hitting: LHB Vance Corkum 0-0: Fly out, F3 (Line Drive, 3, EV 66.9 MPH)
Top of the 8th over - 1 run, 2 hits, 0 errors, 2 left on base; Pawnee 2 - Vermont 3
BOTTOM OF THE 8TH
Vermont Lake Monsters batting - Pitching for Pawnee ParksNRec : RHP António Rodríguez
Now in LF: Vance Corkum
Batting: RHB An-te-hai Qing 0-0: Ball
1-0: Ball
2-0: Foul Ball, location: 2F
2-1: Swinging Strike
2-2: Foul Ball, location: 2F
2-2: Ball
3-2: Foul Ball, location: 2F
3-2: Fly out, F9 (Flyball, 89M, EV 88.1 MPH)
Batting: RHB Min-tae Yi 0-0: Called Strike
0-1: Ball
1-1: Called Strike
1-2: Foul Ball, location: 2F
1-2: Strikes out looking
Batting: RHB Naganori Takahashi 0-0: Ball
1-0: Ball
2-0: Fly out, F9 (Flyball, 9D, EV 84.4 MPH)
Bottom of the 8th over - 0 runs, 0 hits, 0 errors, 0 left on base; Pawnee 2 - Vermont 3
TOP OF THE 9TH
Pawnee ParksNRec batting - Pitching for Vermont Lake Monsters : RHP Roger Rodenburg
Pitching: RHP René Fontaine
Pinch Hitting: RHB Xi-ku See-to 0-0: Ball
1-0: Swinging Strike
1-1: Ball
2-1: Swinging Strike
2-2: Ball
3-2: Strikes out swinging, 2-3 out at first.
Batting: RHB Charles Atkinson 0-0: Called Strike
0-1: Fly out, F3 (Line Drive, 3, EV 71.9 MPH)
Batting: RHB Sherman N'Dir 0-0: Called Strike
0-1: Ball
1-1: Ball
2-1: Ball
3-1: Called Strike
3-2: Foul Ball, location: 2F
3-2: Ground out 3-1 (Groundball, 3S, EV 85.6 MPH)
Top of the 9th over - 0 runs, 0 hits, 0 errors, 0 left on base; Pawnee 2 - Vermont 3
Thursday, January 23rd, 2020 - OOTP Baseball 20.8 Build 74